 Dungeon Crawl Stone Soup version 0.17-a0-2070-g2a5e0a8 (webtiles) character file.

1425 Sinocard the Ruffian (level 8, 0/79 HPs)
             Began as a Troll Monk on Oct 13, 2015.
             Was an Elder of Dithmenos.
             Slain by an orc wizard
             ... wielding a +0 dagger
              (2 damage)
             ... on level 7 of the Dungeon.
             The game lasted 00:27:15 (3886 turns).

Sinocard the Ruffian (Troll Monk)                   Turns: 3886, Time: 00:27:15

Health: 0/79       AC:  5    Str: 26    XL:     8   Next: 44%
Magic:  7/7        EV: 12    Int:  6    God:    Dithmenos [****..]
Gold:   214        SH:  0    Dex: 13    Spells: 0 memorised, 7 levels left

rFire  . . .     SeeInvis +       - Unarmed
rCold  . . .     Clarity  .     a - +0 robe
rNeg   . . .     SustAt   .     (no shield)
rPois  .         Gourm    +     (helmet restricted)
rElec  .         Spirit   .     (no cloak)
rCorr  .         Warding  .     (gloves unavailable)
rMut   .         Stasis   .     (boots unavailable)
MR     +....                    (no amulet)
Stlth  ++........               u - ring of see invisible
                                r - ring of protection from magic

@: mighty, very slightly contaminated, wreathed by umbra, somewhat resistant to
hostile enchantments, unstealthy
A: unfitting armour, claws 3, fast metabolism 3, gourmand, regeneration 2,
shaggy fur 1, tough skin 2
a: Shadow Step, Renounce Religion


You were on level 7 of the Dungeon.
You worshipped Dithmenos.
Dithmenos was greatly pleased with you.
You were full.

You visited 1 branch of the dungeon, and saw 7 of its levels.

You collected 214 gold pieces.

Inventory:

Armour
 a - a +0 robe (worn)
Jewellery
 q - an uncursed ring of ice
 r - a ring of protection from magic (left claw)
 u - a ring of see invisible (right claw)
 w - an uncursed amulet of resist corrosion {unknown}
Wands
 z - a wand of slowing (41)
Scrolls
 c - a scroll of teleportation
 g - a scroll of remove curse
 h - a scroll of fear
 o - 7 scrolls of identify
 s - a scroll of enchant weapon
 y - a scroll of magic mapping
Potions
 e - a potion of invisibility {unknown}
 j - 2 potions of might
 k - 2 potions of heal wounds {unknown}
 l - a potion of cure mutation
 m - 2 potions of flight {unknown}
 p - 2 potions of poison {unknown}
 v - a potion of degeneration {unknown}
 A - a potion of haste {unknown}
 B - 2 potions of curing {unknown}
Comestibles
 b - 3 bread rations
 i - 2 beef jerkies
 t - a royal jelly
 C - a meat ration


   Skills:
 + Level 4.3 Fighting
 + Level 5.9 Dodging
 + Level 2.8 Stealth
 + Level 7.0 Unarmed Combat


You had 7 spell levels left.
You didn't know any spells.

Dungeon Overview and Level Annotations

Branches:
Dungeon (7/15)             Temple (0/1) D:5

Altars:
Ashenzari
Dithmenos
Fedhas
Gozag
Kikubaaqudgha
Nemelex Xobeh
Ru
Trog

Annotations:
D:7 Menkaure


Innate Abilities, Weirdness & Mutations

You are too large for most types of armour.
You have claws for hands.
Your metabolism is lightning-fast.
You like to eat raw meat.
You heal very quickly.
You are covered in fur (AC +1).
You have very tough skin (AC +2).


Message History

Use which ability?
Okay, then.
Drink which item? (? for menu, Esc to quit)
It was a potion of might.
You feel very mighty all of a sudden.
Menkaure points at you and mumbles some strange words.
You resist with some effort. The orc wizard barely misses you.
You barely miss Menkaure.
The orc wizard hits you but does no damage.
Menkaure hits you!
* * * LOW HITPOINT WARNING * * *
Drink which item? (? for menu, Esc to quit)
Okay, then.
Read which item? (? for menu, Esc to quit)
Okay, then.
Drink which item? (? for menu, Esc to quit)
It was a potion of cure mutation.
It has a very clean taste.
The orc wizard gestures wildly while chanting.
The orc wizard blinks!
The orc wizard hits you with a dagger.
You die...

..#()/#..#...#
..#$")#......#
..#?%?#......#
..#####..#..##
.........####
.........####
....).......### .#
.....######...######...#
.....# ###..o@M§....#
.....# #######....#
....## ...# ##### ..# .#
#


You could see Menkaure and an orc wizard.

Vanquished Creatures
  Duvessa (D:4)
  2 orc warriors
  2 ogres
  A sky beast (D:6)
  A centaur (D:5)
  A giant frog (D:7)
  Dowan (D:4)
  2 scorpions (D:6)
  The ghost of Sinocard the Ruffian, a weakling TrMo of Dithmenos (D:3)
  A water moccasin zombie (D:5)
  A crimson imp (D:7)
  2 hounds
  4 worker ants
  A centaur skeleton (D:4)
  A jelly (D:3)
  A giant frog zombie (D:5)
  A hound zombie (D:5)
  Robin (D:4)
  5 adders
  A shadow imp (D:6)
  3 oozes
  2 worms
  5 giant geckos
  10 orcs
  7 bats
  6 giant cockroaches
  12 hobgoblins
  7 jackals (D:4)
  2 quokkas (D:2)
  A ball python (D:2)
  A giant gecko skeleton (D:3)
  5 giant newts
  20 goblins
  5 kobolds
  A quokka zombie (D:6)
  7 rats (D:1)
  2 plants (D:6)
127 creatures vanquished.

Vanquished Creatures (others)
  A plant (D:6)
1 creature vanquished.

Grand Total: 128 creatures vanquished

Notes
Turn   | Place    | Note
--------------------------------------------------------------
     0 | D:1      | Sinocard the Troll Monk began the quest for the Orb.
     0 | D:1      | Reached XP level 1. HP: 22/22 MP: 0/0
   282 | D:1      | Reached XP level 2. HP: 29/29 MP: 1/1
   692 | D:1      | Reached XP level 3. HP: 29/36 MP: 2/2
   907 | D:2      | Found a bloodstained altar of Trog.
   931 | D:2      | Found a shadowy altar of Dithmenos.
   952 | D:2      | Became a worshipper of Dithmenos the Shadowed
   952 | D:2      | Reached * piety under Dithmenos
   952 | D:2      | Reached ** piety under Dithmenos
  1012 | D:2      | Reached XP level 4. HP: 44/44 MP: 3/3
  1242 | D:3      | Noticed Sinocard's ghost (weakling TrMo)
  1255 | D:3      | Killed Sinocard's ghost
  1349 | D:3      | Reached XP level 5. HP: 52/52 MP: 4/4
  1618 | D:3      | Reached skill level 5 in Unarmed Combat
  1672 | D:3      | Found a sacrificial altar of Ru.
  1919 | D:4      | Found a blossoming altar of Fedhas.
  1921 | D:4      | Found an ancient bone altar of Kikubaaqudgha.
  1944 | D:4      | Noticed Robin
  1963 | D:4      | Reached *** piety under Dithmenos
  1973 | D:4      | Killed Robin
  1975 | D:4      | Reached XP level 6. HP: 52/61 MP: 5/5
  2368 | D:4      | Noticed Dowan
  2369 | D:4      | Noticed Duvessa
  2386 | D:4      | Killed Duvessa
  2401 | D:4      | Killed Dowan
  2435 | D:5      | Entered Level 5 of the Dungeon
  2442 | D:5      | Reached XP level 7. HP: 67/67 MP: 6/6
  2498 | D:5      | Reached skill level 6 in Unarmed Combat
  2581 | D:5      | Reached skill level 5 in Dodging
  2690 | D:5      | Found a shattered altar of Ashenzari.
  2997 | D:5      | Found a staircase to the Ecumenical Temple.
  3272 | D:6      | Reached XP level 8. HP: 78/78 MP: 7/7
  3344 | D:6      | Found a sparkling altar of Nemelex Xobeh.
  3467 | D:6      | Reached **** piety under Dithmenos
  3567 | D:6      | Found an opulent altar of Gozag.
  3866 | D:7      | Noticed Menkaure
  3875 | D:7      | Reached skill level 7 in Unarmed Combat
  3885 | D:7      | HP: 1/79 [Menkaure (14)]
  3886 | D:7      | Slain by an orc wizard

Vault maps used:
D:1:      lemuel_arrival_river_bridge, serial_glass, glass_columns_a,
          glass_columns_b, moated_statue
D:2:      overflow_temple_1_default, grunt_dithmenos_smoke_and_mirrors
D:3:      lemuel_doored_altar
D:4:      grunt_temple_overflow_growth_and_decay, first_bread, uniq_robin,
          uniq_duvessa
D:5:      lemuel_temple_firewalk_marked, ashenzari_altar_1
D:6:      wad_woods_pond, old_standard_altar, old_standard_altar
D:7:      grunt_ogre_cave, due_unseen_surprise, uniq_menkaure

Action                   |  1- 3 |  4- 6 |  7- 9 || total
-------------------------+-------+-------+-------++-------
Melee: Unarmed           |   102 |   151 |   153 ||   406
  Use: Scroll            |       |     3 |     9 ||    12
       Potion            |       |       |     2 ||     2
 Stab: Sleeping          |     1 |     5 |     4 ||    10
       Distracted        |       |       |     1 ||     1
  Eat: Chunk             |     9 |    11 |     5 ||    25
       Meat ration       |     1 |       |       ||     1
       Bread ration      |       |       |     2 ||     2
